 Dungeon Crawl Stone Soup version 0.19.0-19-g8c6edcc (webtiles) character file.

23 thirtiethelement the Chiller (level 2, -2/17 HPs)
             Began as an Octopode Wanderer on Nov 13, 2016.
             Slain by an adder (4 damage)
             ... on level 2 of the Dungeon.
             The game lasted 00:05:54 (715 turns).

thirtiethelement the Chiller (Octopode Wanderer)     Turns: 715, Time: 00:05:54

Health: -2/17      AC:  1    Str:  8    XL:     2   Next: 95%
Magic:  0/14       EV: 12    Int: 14    God:
Gold:   36         SH:  0    Dex: 14    Spells: 3 memorised, 2 levels left

rFire  . . .     SeeInvis .     d - +1 dagger
rCold  . . .     Gourm    .     (no shield)
rNeg   . . .     Faith    .     (helmet restricted)
rPois  .         Spirit   .     (no amulet)
rElec  .         Reflect  .     k - ring of magical power
rCorr  .         Harm     .     (no ring)
MR     .....                    (no ring)
Stlth  +++.......               (no ring)
                                (no ring)
                                (no ring)
                                (no ring)
                                (no ring)

@: lethally poisoned (-2 -> -8), about to teleport, very slightly contaminated
A: almost no armour, stealthy swim, amphibious, 8 rings, constrict 8, camouflage
1, gelatinous body 1
a: no special abilities


You were on level 2 of the Dungeon.
You were not hungry.

You visited 1 branch of the dungeon, and saw 2 of its levels.

You collected 36 gold pieces.

Inventory:

Hand Weapons
 d - a +1 dagger (weapon)
Missiles
 j - 16 stones (quivered)
Jewellery
 k - a ring of magical power (left tentacle)
Scrolls
 c - 3 scrolls of teleportation
Potions
 e - a potion of might
Books
 a - a book of Frost

   Spells                             Type                      Level
   a - Freeze                         Ice                          1
   b - Throw Frost                    Conjuration/Ice              2
   c - Ozocubu's Armour               Charms/Ice                   3
   d - Throw Icicle                   Conjuration/Ice              4
   e - Summon Ice Beast               Ice/Summoning                4
 b - the Incunabulum of the Rocks

   Spells                             Type                      Level
   a - Sandblast                      Earth                        1
   b - Stone Arrow                    Conjuration/Earth            3
Comestibles
 f - a bread ration
 g - a meat ration
 h - a slice of pizza


   Skills:
 + Level 1.0 Throwing
 + Level 0.2 Dodging
 + Level 1.5 Stealth
 + Level 2.6 Spellcasting
   Level 2.0 Charms
 + Level 3.4 Ice Magic
 + Level 0.2 Earth Magic
   Level 1.2 Poison Magic


You had 2 spell levels left.
You knew the following spells:

 Your Spells              Type           Power        Failure   Level  Hunger
a - Freeze                Ice            ##..         6%          1    #......
b - Sandblast             Erth           #.....       24%         1    #......
c - Throw Frost           Conj/Ice       #.....       21%         2    ###....


Dungeon Overview and Level Annotations

Branches:
Dungeon (2/15)

Altars:


Innate Abilities, Weirdness & Mutations

You cannot wear most types of armour.
You are very stealthy in the water. (Stealth+)
You are amphibious.
You can wear up to eight rings at the same time.
You can use your tentacles to constrict eight enemies at once.
Your skin changes colour to match your surroundings (Stealth+).
Your rubbery body absorbs attacks. (AC +1, EV +1)


Message History

Aiming: Freeze
Press: ? - help, Shift-Dir - straight line, f - adder, p - bat
Aim: an adder You freeze the adder.
The adder is moderately wounded.
The bat completely misses you. The adder closely misses you.
You barely miss the bat. Your grab misses the bat.
The bat is moderately wounded.
The bat closely misses you. x2; The adder bites you.
You barely miss the bat. Your grab misses the bat. You squeeze the bat.
You kill the bat!
The adder bites you. x2
You are poisoned.
The adder poisons you!
As you read the scroll of teleportation, it crumbles to dust.
You feel strangely unstable.
You feel sick. The adder bites you.
* * * LOW HITPOINT WARNING * * *
* * * LOW HITPOINT WARNING * * *
You feel sick. The adder bites you.
You die...

#.. #...†.# ..########.#
#####.######
............#####...........
.8.....(....#.....####......
..........)..#######.......
###.........### #........
............# #..).....
#.........# #........
#.......S@# #........
#......†..# #........
#.........# #.<......
#.......?.# ##.......
########### ##.....# #######


You could see an adder.

Vanquished Creatures
  A worm (D:2)
  A bat (D:2)
  2 goblins
  7 hobgoblins
  3 kobolds (D:1)
  3 rats (D:1)
17 creatures vanquished.

Notes
Turn   | Place    | Note
-------+----------+-------------------------------------------
     0 | D:1      | thirtiethelement the Octopode Wanderer began the quest for the Orb.
     0 | D:1      | thirtiethelement set off with: a book of Frost, the Incunabulum of the Rocks, a scroll of teleportation, a +0 dagger, a bread ration
     0 | D:1      | Reached XP level 1. HP: 11/11 MP: 3/3
     2 | D:1      | Learned a level 1 spell: Freeze
     4 | D:1      | Learned a level 1 spell: Sandblast
   259 | D:1      | Reached XP level 2. HP: 10/17 MP: 0/5
   275 | D:1      | Learned a level 2 spell: Throw Frost
   715 | D:2      | Slain by an adder

Action                   || total
-------------------------++-------
Melee: Dagger            ||     7
       Constrict         ||     2
       Tentacles         ||     2
 Cast: Freeze            ||    19
       Sandblast         ||     6
       Throw Frost       ||     2
  Use: Scroll            ||     8
Armor: Skin              ||     1
Dodge: Dodged            ||    15
